 Dungeon Crawl Stone Soup version 0.29-a0-920-g5d2155ec51 (webtiles) character file.

Game seed: 7464661400996986279

114 2tc the Changer (level 4, 0/32 HPs)
             Began as a Merfolk Transmuter on July 27, 2022.
             Was a Follower of Qazlal.
             Slain by an ufetubus (2 damage)
             ... on level 4 of the Dungeon.
             The game lasted 00:07:32 (3829 turns).

2tc the Changer (Merfolk Transmuter)                Turns: 3829, Time: 00:07:33

Health: 0/32       AC:  2    Str: 12    XL:     4   Next: 97%
Magic:  7/7        EV: 13    Int: 12    God:    Qazlal [*.....]
Gold:   162        SH:  6    Dex: 14    Spells: 4/7 levels left

rFire   . . .      SeeInvis .     - Unarmed
rCold   . . .      Faith    .   (no shield)
rNeg    . . .      Spirit   .   a - +0 robe
rPois   .          Reflect  +   (helmet currently unavailable)
rElec   .          Harm     .   (no cloak)
rCorr   .          Rampage  .   (no gloves)
Will    +....                   (boots currently unavailable)
Stlth   +.........              e - amulet of reflection
HPRegen 0.10/turn               c - ring of willpower
MPRegen 0.10/turn               (no ring)

@: appendages, invisible
A: horns 2, (nimble swimmer 2), mertail
a: End Transformation, Renounce Religion


You were on level 4 of the Dungeon.
You worshipped Qazlal.
Qazlal was aware of your devotion.
You had temporarily grown beastly horns.
You visited 1 branch of the dungeon, and saw 4 of its levels.

You collected 162 gold pieces.

Inventory:

Hand Weapons
 d - a +0 short sword of draining
 f - a +0 spear
Missiles
 j - a throwing net
Armour
 a - a +0 robe (worn)
Jewellery
 c - a ring of willpower (left hand)
 e - an amulet of reflection (around neck)
Scrolls
 i - a scroll of fog
Potions
 b - 2 potions of lignification
 g - a potion of invisibility


   Skills:
 - Level 1.1 Fighting
 - Level 0.8 Short Blades
 + Level 1.1 Polearms
 - Level 2.9 Dodging
 - Level 0.2 Stealth
 - Level 0.5 Shields
 - Level 3.2 Unarmed Combat
 - Level 2.0 Spellcasting
 - Level 6.0 Transmutations


You had 4 spell levels left.
You knew the following spells:

 Your Spells              Type           Power      Damage    Failure   Level
a - Beastly Appendage     Tmut           30%        N/A       2%          1
b - Wereblood             Tmut           15%        N/A       3%          2

Your spell library contained the following spells:

 Spells                   Type           Power      Damage    Failure   Level
 Passwall                 Tmut/Erth      6%         N/A       12%         2
 Spider Form              Tmut/Pois      8%         N/A       24%         3
 Ensorcelled Hibernation  Hex/Ice        2%         N/A       38%         2
 Ice Form                 Ice/Tmut       8%         N/A       61%         4
 Ozocubu's Armour         Ice            1%         N/A       63%         3
 Swiftness                Air            1%         N/A       63%         3
 Metabolic Englaciation   Hex/Ice        0%         N/A       100%        5
 Simulacrum               Ice/Necr       0%         N/A       100%        6


Dungeon Overview and Level Annotations

Branches:
Dungeon (4/15)
 Temple: D:4-7

Altars:
Makhleb
Nemelex Xobeh
Qazlal
Sif Muna


Innate Abilities, Weirdness & Mutations

You have temporarily grown beastly horns.
((You are very nimble when in or above water. (Stealth+, EV+, Speed+++)))
Your lower body shifts to a powerful aquatic tail in water.


Message History

The ufetubus is moderately wounded.
The ufetubus closely misses you. You block the ufetubus's attack.
The ufetubus hits you. The ufetubus misses you.
Okay, then.
You are now empty-handed.
You closely miss the ufetubus.
The ufetubus is moderately wounded.
The ufetubus barely misses you. The ufetubus hits you.
* * * LOW HITPOINT WARNING * * *
You block the ufetubus's attack. The ufetubus misses you.
You closely miss the ufetubus.
The ufetubus is moderately wounded.
The ufetubus hits you but does no damage.
The ufetubus barely misses you.
You miss the ufetubus.
The ufetubus is moderately wounded.
The ufetubus misses you. You block the ufetubus's attack.
Casting: Beastly Appendage (safe; 2% risk of failure)
Confirm with . or Enter, or press ? or * to list all spells.
You grow a pair of large bovine horns.
The ufetubus hits you.
* * * LOW HITPOINT WARNING * * *
You block the ufetubus's attack. The ufetubus misses you.
The ufetubus barely misses you.
You closely miss the ufetubus. Your headbutt misses the ufetubus.
The ufetubus is moderately wounded.
The ufetubus barely misses you. You block the ufetubus's attack.
You hit the ufetubus but do no damage. Your headbutt misses the ufetubus.
The ufetubus is moderately wounded.
You block the ufetubus's attack. The ufetubus hits you.
* * * LOW HITPOINT WARNING * * *
You block the ufetubus's attack. The ufetubus hits you.
* * * LOW HITPOINT WARNING * * *
You fade into invisibility!
The ufetubus closely misses you. x2
You block the ufetubus's attack. The ufetubus hits you.
* * * LOW HITPOINT WARNING * * *
The ufetubus barely misses you. x2
The ufetubus barely misses you. You block the ufetubus's attack.
The ufetubus hits you.
You die...

..... #[# #.#....#
......#.# #.#....#
......#.# #.#....#
.._...))# #.#....#
......#.# #.#....#
......#.# #.#....#
..... #.# #.#....#
##^####.# #.###..#
..(.....###..5@.<#
............)...##
#################


You could see an ufetubus (unable to see you).

Vanquished Creatures
  An orc wizard (D:3)
  A gnoll (D:3)
  2 adders (D:4)
  A worm (D:2)
  6 orcs
  2 bats
  4 endoplasms (D:1)
  A giant cockroach (D:1)
  6 hobgoblins
  3 jackals (D:2)
  4 quokkas
  3 ball pythons
  2 frilled lizards (D:1)
  4 goblins
  6 kobolds
  A rat (D:2)
47 creatures vanquished.

Vanquished Creatures (others)
  2 plants (D:4)
2 creatures vanquished.

Grand Total: 49 creatures vanquished

Notes
Turn   | Place    | Note
-------+----------+-------------------------------------------
     0 | D:1      | 2tc the Merfolk Transmuter began the quest for the Orb.
     0 | D:1      | Reached XP level 1. HP: 15/15 MP: 3/3
    33 | D:1      | Reached skill level 3 in Transmutations
   135 | D:1      | Reached XP level 2. HP: 18/20 MP: 3/5
   491 | D:1      | Reached skill level 4 in Transmutations
   962 | D:1      | Reached XP level 3. HP: 23/26 MP: 6/6
  1210 | D:1      | Learned a level 2 spell: Wereblood
  1930 | D:2      | Found a faded altar of an unknown god.
  1947 | D:2      | Prayed at the altar of an unknown god.
  1947 | D:2      | Became a worshipper of Qazlal Stormbringer
  1947 | D:2      | Reached * piety under Qazlal
  2372 | D:3      | Found a shimmering blue altar of Sif Muna.
  2582 | D:3      | Reached skill level 5 in Transmutations
  2582 | D:3      | Reached XP level 4. HP: 19/32 MP: 7/7
  3014 | D:3      | Found a burning altar of Makhleb.
  3408 | D:4      | Found a sparkling altar of Nemelex Xobeh.
  3411 | D:4      | Reached skill level 6 in Transmutations
  3629 | D:4      | Reached skill level 1 in Polearms
  3823 | D:4      | HP: 1/32 [ufetubus (1)]
  3829 | D:4      | Slain by an ufetubus

Illustrated notes

Levels and vault maps discovered:
D:1:      shiori_arrival_maze, layout_basic
D:2:      layout_basic, hellmonk_ecumenical_altar_pennies_from_heaven
D:3:      layout_loops_cross, lightli_temple_of_fire, mainiacjoe_overflow_paths
D:4:      layout_basic, lemuel_tele_altar, minmay_temple_entry_gardened_gates,
          hangedman_decor_peaks_small, amcnicky_mini_corridor_feature

Skill      XL: |  1  2  3  4 |
---------------+-------------+-----
Transmutations | 3 4 5 6 |  6.0
Polearms       | 1 |  1.1
Fighting       | |  1.1
Short Blades   | |  0.8
Dodging        | |  2.9
Stealth        | |  0.2
Shields        | |  0.5
Unarmed Combat | |  3.2
Spellcasting   | |  2.0

Action                   |  1- 3 |  4- 6 || total
-------------------------+-------+-------++-------
Melee: Unarmed           |    18 |     5 ||    23
       Headbutt          |     7 |     2 ||     9
       Short sword       |   121 |    60 ||   181
       Punch             |     1 |       ||     1
 Cast: Beastly Appendage |     5 |     3 ||     8
       Wereblood         |       |     1 ||     1
  Use: Scroll            |    10 |     2 ||    12
       Potion            |     2 |     2 ||     4
 Stab: Sleeping          |     1 |       ||     1
Armor: Robe              |    24 |     4 ||    28
Dodge: Dodged            |    76 |    67 ||   143
Block: Other             |    21 |    44 ||    65
       Reflection        |     1 |       ||     1

Table legend: (Time is in decaauts)
 A = Elapsed time spent in this place.
 B = Non-inter-level travel time spent in this place.
 C = Inter-level travel time spent in this place.
 D = Time resting spent in this place.
 E = Time spent auto-exploring this place.
 F = Levels seen in this place.
 G = Mean time per level.
                   A        B        C        D        E       F      G
               +--------+--------+--------+--------+--------+-----+--------+
         Total |   3835 |   3710 |    125 |    370 |   2835 |   4 |  958.8 |
       Dungeon |   3835 |   3710 |    125 |    370 |   2835 |   4 |  958.8 |
               +--------+--------+--------+--------+--------+-----+--------+

Top non-repeatable levels by time:
     D:1: 1212 daAuts
     D:2: 1071 daAuts
     D:3: 981 daAuts
     D:4: 571 daAuts
